 Dungeon Crawl Stone Soup version 0.29.1-2-gbd0b4ee654 (webtiles) character file.

Game seed: 17831564003294616895

686 GorkyZ the Shield-Bearer (level 7, 0/53 (55) HPs)
             Began as a Formicid Fighter on Nov 23, 2022.
             Slain by a water moccasin (4 damage)
             ... on level 5 of the Dungeon.
             The game lasted 00:08:28 (3908 turns).

GorkyZ the Shield-Bearer (Formicid Fighter)         Turns: 3908, Time: 00:08:30

HP:   0/53 (55)     AC: 10    Str: 22    XL:     7   Next: 94%
MP:   7/7           EV:  8    Int:  8    God:
Gold: 313           SH:  5    Dex: 13    Spells: 6/6 levels left

rFire   . . .      SeeInvis +   x - +0 battleaxe
rCold   . . .      Faith    .   c - +0 buckler
rNeg    . . .      Spirit   .   r - +0 chain mail
rPois   .          Reflect  .   (helmet unavailable)
rElec   .          Harm     .   o - +0 cloak
rCorr   .          Rampage  .   (no gloves)
Will    .....                   (no boots)
Stlth   ..........              (no amulet)
HPRegen 0.17/turn               (no ring)
MPRegen 0.10/turn               (no ring)

@: lethally poisoned (0 -> -17), lightly drained
A: permanent stasis, dig shafts and tunnels, antennae 3, four strong arms
a: Dig, Shaft Self


You were on level 5 of the Dungeon.
You visited 1 branch of the dungeon, and saw 5 of its levels.

You collected 313 gold pieces.

Inventory:

Hand Weapons
 a - a +0 war axe
 x - a +0 battleaxe (weapon)
Missiles
 v - 5 javelins (quivered)
Armour
 b - a +0 scale mail
 c - a +0 buckler (worn)
 o - a +0 cloak (worn)
 r - a +0 chain mail (worn)
Jewellery
 q - a ring of ice
Wands
 t - a wand of mindburst (10)
Scrolls
 e - 4 scrolls of identify {unknown}
 g - a scroll of fear {unknown}
 h - 2 scrolls of blinking {unknown}
 k - 3 scrolls of vulnerability {unknown}
 m - 3 scrolls of immolation {unknown}
 n - 3 scrolls of teleportation {unknown}
 p - a scroll of poison {unknown}
 u - 2 scrolls of noise {unknown}
 y - a scroll of amnesia {unknown}
Potions
 d - a potion of might
 f - 3 potions of heal wounds {unknown}
 i - a potion of brilliance {unknown}
 j - 4 potions of curing {unknown}
 l - a potion of haste {unknown}
 s - 2 potions of degeneration {unknown}
 w - a potion of berserk rage {unknown}


   Skills:
 + Level 4.5 Fighting
 + Level 2.5(3.0) Axes
 - Level 2.3(2.9) Polearms
 + Level 2.5 Throwing
 + Level 4.7 Armour
 + Level 2.4 Dodging
 + Level 5.5 Shields
 + Level 3.2 Evocations


You had 6 spell levels left.
You didn't know any spells.
Your spell library contained the following spells:

 Spells                   Type           Power      Damage    Failure   Level
 Sandblast                Erth           0%         2d4       99%         1
 Ensorcelled Hibernation  Hex/Ice        0%         N/A       99%         2
 Passwall                 Tmut/Erth      0%         N/A       99%         2
 Lesser Beckoning         Tloc           0%         N/A       100%        3
 Ozocubu's Armour         Ice            0%         N/A       100%        3
 Spider Form              Tmut/Pois      0%         N/A       100%        3
 Stone Arrow              Conj/Erth      0%         3d7       100%        3
 Anguish                  Hex/Necr       0%         N/A       100%        4
 Manifold Assault         Tloc           0%         N/A       100%        5
 Ozocubu's Refrigeration  Ice            0%         4d7       100%        7
 Blink                    Tloc           Unusable   N/A       N/A         2

Dungeon Overview and Level Annotations

Branches:
Dungeon (5/15)
 Temple: D:4-7

Altars:
Ashenzari
Dithmenos


Innate Abilities, Weirdness & Mutations

You cannot be hasted, slowed, berserked, paralysed or teleported.
You can dig through walls and to a lower floor.
You have a pair of large antennae on your head. (SInv)
Your four strong arms can wield two-handed weapons with a shield.


Message History

The ball python bites you but does no damage.
The ball python grabs you. The ball python constricts you.
The wight completely misses you. The wight hits you with a +3 mace!
You feel drained.
The water moccasin bites you but does no damage.
You barely miss the water moccasin. You completely miss the wight.
You slash the wight!
You destroy the wight!
You hit the ball python. You slash the wight!
You destroy the wight!
The ball python barely misses you. The ball python constricts you.
The water moccasin barely misses you. The wight closely misses you.
You block the wight's attack. The water moccasin bites you.
The water moccasin bites you but does no damage.
The ball python bites you but does no damage.
The ball python constricts you. The wight hits you but does no damage.
The wight hits you with a +3 dagger. The water moccasin barely misses you.
Your life force feels restored.
You closely miss the water moccasin. You closely miss the wight.
You slash the water moccasin! You closely miss the ball python.
The water moccasin bites you but does no damage.
The ball python bites you but does no damage.
The ball python constricts you.
The water moccasin bites you but does no damage.
The wight hits you from afar with a +1 halberd!
* * * LOW HITPOINT WARNING * * *
You feel drained.
* * * LOW HITPOINT WARNING * * *
The water moccasin bites you but does no damage.
The wight hits you but does no damage.
The ball python bites you but does no damage.
The ball python constricts you. You block the water moccasin's attack.
You closely miss the water moccasin. You closely miss the wight.
You miss the water moccasin. You slash the ball python!
You kill the ball python!
The water moccasin bites you.
* * * LOW HITPOINT WARNING * * *
You are lethally poisoned!
The water moccasin poisons you! The water moccasin bites you.
You die...

............# #... ...
...........####.## ..#
.................#
.....##..........#...
##..## #........###...
##...####.......#####..
.#....z.##........#.#...
.'....z)...............#
#....S@................
##.^.†S........##.#....
###............#.#....
#................##.
####................
##..........)....
#..............##
#.............###
##..#...........#


You could see 2 water moccasins and 2 wights.

Vanquished Creatures
  An ice beast (D:5)
  A centaur (D:5)
  Blork the orc (D:5)
  2 scorpions (D:4)
  2 wights (D:5)
  A hound (D:5)
  An orc priest (D:4)
  Terence (D:2)
  5 adders
  A white imp (D:4)
  2 ufetubi (D:4)
  A worm (D:2)
  A dart slug (D:1)
  9 orcs
  7 ball pythons
  2 endoplasms
  6 giant cockroaches
  9 goblins
  6 hobgoblins
  4 kobolds
  4 quokkas
  4 bats
  4 frilled lizards
  6 rats
81 creatures vanquished.

Notes
Turn   | Place    | Note
-------+----------+-------------------------------------------
     0 | D:1      | GorkyZ the Formicid Fighter began the quest for the Orb.
     0 | D:1      | Reached XP level 1. HP: 18/18 MP: 1/1
   163 | D:1      | Reached XP level 2. HP: 24/24 MP: 2/2
   363 | D:1      | Reached XP level 3. HP: 29/29 MP: 3/3
   472 | D:1      | Reached skill level 1 in Evocations
   657 | D:1      | Found a faded altar of an unknown god.
  1341 | D:2      | Noticed Terence
  1350 | D:2      | Killed Terence
  1351 | D:2      | Reached skill level 1 in Polearms
  1351 | D:2      | Reached skill level 1 in Throwing
  1351 | D:2      | Reached skill level 1 in Dodging
  1351 | D:2      | Reached XP level 4. HP: 29/36 MP: 4/4
  1720 | D:3      | Found a shadowy altar of Dithmenos.
  1943 | D:3      | Found a broken altar of Ashenzari.
  2391 | D:4      | Reached XP level 5. HP: 40/42 MP: 5/5
  2522 | D:4      | Reached XP level 6. HP: 39/48 MP: 6/6
  3087 | D:5      | Entered Level 5 of the Dungeon
  3099 | D:4      | HP: 2/48 [scorpion (2)]
  3104 | D:4      | Reached skill level 5 in Shields
  3488 | D:5      | Noticed Blork the orc
  3496 | D:5      | Killed Blork the orc
  3497 | D:5      | Reached XP level 7. HP: 34/54 MP: 7/7
  3901 | D:5      | Noticed a water moccasin
  3902 | D:5      | Noticed a water moccasin
  3908 | D:5      | Slain by a water moccasin

Illustrated notes

Levels and vault maps discovered:
D:1:      onia_arrival_mini_maze, layout_basic,
          dreamdust_ecumenical_altar_hidden_monk_grotto
D:2:      layout_loops_ring, uniq_terence
D:3:      layout_loops_ring, cheibrodos_ashenzari_chains,
          mainiacjoe_overflow_brackets, minmay_misc_feat_ornament
D:4:      layout_rooms
D:5:      layout_cave_pools, nicolae_overflow_hidden_temple, enter_ossuary_5,
          guppyfry_shop_venom, uniq_crazy_yiuf_cottage, uniq_prince_ribbit1,
          uniq_blork_the_orc

Skill      XL: |  1  2  3  4  5  6  7 |
---------------+----------------------+-----
Evocations     | 1 2 3 |  3.2
Polearms       | 1 2 |  2.3
Throwing       | 1 2 |  2.5
Dodging        | 1 2 |  2.4
Armour         | 4 |  4.7
Fighting       | 4 |  4.5
Shields        | 5 |  5.5
Axes           | |  2.5

Action                   |  1- 3 |  4- 6 |  7- 9 || total
-------------------------+-------+-------+-------++-------
Melee: War axe           |    63 |   153 |       ||   216
       Battleaxe         |       |       |    16 ||    16
Throw: Boomerang         |       |     3 |       ||     3
       Javelin           |       |     2 |       ||     2
 Abil: Dig               |     3 |       |       ||     3
Armor: Scale mail        |    23 |    12 |       ||    35
       Chain mail        |       |   102 |    21 ||   123
Dodge: Dodged            |    33 |    93 |    22 ||   148
Block: Buckler           |    18 |    52 |     8 ||    78
